Construct Section Command Post
Selects Canadian Shock Battlegroup
Construct Field Infirmary
Construct Platoon Command Post
Unlock Bishop Self-propelled Artillery
Bishop Self-propelled Artillery
Selects Canadian Shock Section
Bishop Self-propelled Artillery
6-pounder Anti-tank Gun Team
Bishop Self-propelled Artillery
6-pounder Anti-tank Gun Team
Construct Company Command Post
Selects Churchill Crocodile Heavy Tank
Unlock M3 Grant Medium Tanks